Map: Abyssal Reef LE

Players

Railgan - Winner!

  • Race: Zerg Zerg
  • League: Grandmaster
  • Spawn Location: 5:00

llllllllllll

  • Race: Terran Terran
  • League: Grandmaster
  • Spawn Location: 11:00

VOD

Have the link to the VOD?

Description

Time

  • Played on: March 19, 2017, 8:35 p.m.
  • Length: 8:05
Show
View Real Time Build Order
Export as new Build Order

Railgan Zerg - Winner!

Build Orders: Pool First 

Get SALT Encoding   

  12  0:01  Drone  
  13  0:13  Overlord  
  13  0:17  Drone  
  14  0:31  Drone x2  
  16  0:37  Drone  
  17  0:46  Drone  
  17  0:48  Spawning Pool  
  17  0:56  Drone  
  18  1:12  Hatchery  
  18  1:16  Extractor  
  18  1:17  Drone  
  17  1:19  Drone  
  18  1:29  Drone  
  19  1:36  Queen  
  19  1:39  Zergling x2  
  22  1:49  Overlord  
  22  2:10  Drone  
  22  2:11  Queen  
  25  2:17  Drone  
  25  2:20  Metabolic Boost  
  26  2:25  Queen  
  26  2:26  Drone x2  
  30  2:33  Drone  
  31  2:37  Overlord  
  31  2:44  Drone  
  31  2:46  Drone x2  
  31  2:50  Drone x2  
  35  2:56  Evolution Chamber, Drone  
  35  2:59  Drone  
  36  3:07  Overlord  
  36  3:09  Zergling x2  
  37  3:20  Zergling x4  
  37  3:22  Zergling x2  
  37  3:23  Zerg Ground Armor Level 1, Drone  
  37  3:24  Drone  
  42  3:29  Drone  
  42  3:32  Drone  
  43  3:36  Overlord  
  43  3:37  Drone  
  43  3:38  Drone  
  45  3:46  Drone  
  45  3:47  Drone  
  47  3:51  Lair  
  47  3:53  Extractor  
  47  3:54  Extractor, Drone x2  
  47  4:04  Drone x3  
  47  4:06  Drone x2  
  47  4:07  Drone, Overlord  
  47  4:09  Extractor  
  52  4:23  Drone x3  
  55  4:30  Zergling x4  
  58  4:38  Zergling x6  
  58  4:39  Zergling x4  
  58  4:45  Overlord  
  62  4:51  Hydralisk Den  
  61  4:58  Zergling x8  
  61  4:59  Queen  
  67  5:03  Queen  
  67  5:05  Zergling x2  
  67  5:06  Zergling x6  
  68  5:18  Drone x2  
  68  5:20  Hydralisk  
  68  5:21  Hydralisk x2  
  70  5:23  Zerg Ground Armor Level 2  
  70  5:25  Muscular Augments  
  70  5:27  Drone  
  75  5:29  Evolution Chamber  
  74  5:42  Drone x2  
  76  5:52  Overlord  
  76  5:54  Zerg Missile Weapons Level 1  
  76  5:57  Hatchery  
  76  6:00  Overlord x2  
  75  6:11  Hydralisk x4  
  75  6:14  Hydralisk x2  
  75  6:18  Hydralisk x2  
  80  6:23  Hydralisk  
  80  6:24  Hydralisk x2  
  89  6:31  Hydralisk x2  
  89  6:33  Queen  
  89  6:38  Hydralisk  
  79  6:41  Hydralisk  
  69  6:56  Hydralisk x2  
  69  6:59  Hydralisk  
  69  7:01  Zergling x2  
  72  7:08  Zergling x2  
  72  7:12  Hatchery  
  72  7:13  Hydralisk  
  74  7:17  Drone  
  74  7:19  Drone, Overlord  
  76  7:35  Hydralisk x4  
Show
View Real Time Build Order
Export as new Build Order

llllllllllll Terran 

Build Orders: Reaper Expand, MMM Bio 

Get SALT Encoding   

  12  0:00  SCV  
  13  0:12  SCV  
  14  0:17  Supply Depot  
  14  0:25  SCV  
  15  0:38  SCV  
  15  0:40  Barracks  
  16  0:44  Refinery  
  16  0:50  SCV  
  17  1:03  SCV  
  18  1:16  SCV  
  19  1:27  Reaper  
  19  1:28  Orbital Command  
  20  1:41  Command Center  
  20  1:51  Barracks  
  20  1:55  SCV  
  21  2:04  Barracks Reactor, Supply Depot  
  21  2:08  SCV  
  21  2:14  Refinery  
  22  2:20  SCV  
  23  2:24  Factory  
  23  2:33  SCV  
  24  2:45  Marine x2, SCV  
  24  2:46  Barracks Tech Lab  
  26  2:57  SCV  
  27  3:03  Marine x2  
  29  3:06  Marine, Stimpack  
  29  3:09  SCV  
  31  3:14  Starport  
  31  3:18  Orbital Command  
  31  3:23  Factory Reactor  
  31  3:24  Marine  
  32  3:29  Marine x2  
  32  3:30  SCV  
  35  3:42  Marine, SCV  
  35  3:47  Marine  
  37  3:48  Supply Depot, SCV  
  37  3:50  Marine  
  37  3:54  SCV  
  40  3:56  Medivac  
  40  4:01  Hellion  
  44  4:04  Hellion  
  46  4:10  SCV  
  46  4:11  SCV  
  46  4:12  Supply Depot  
  46  4:14  Supply Depot  
  48  4:17  Marine x2  
  48  4:22  SCV  
  52  4:24  Hellion  
  53  4:33  Medivac  
  53  4:34  Hellion  
  53  4:35  Marine x2  
  59  4:39  SCV  
  59  4:40  Marine  
  62  4:48  Hellion  
  63  4:53  Marine x2  
  63  4:54  Armory  
  63  4:58  Marine  
  65  5:11  Marine x2  
  65  5:15  Marine  
  66  5:22  Hellion x2  
  70  5:47  Supply Depot  
  70  6:00  Supply Depot  
  70  6:08  Marine x3, Medivac  
  70  6:09  Hellion, SCV, Combat Shields  
  78  6:21  SCV x2  
  80  6:26  Marine x3  
  74  6:34  SCV x2  
  63  6:43  Hellion x2  
  63  6:44  Marine x3  
  63  6:46  SCV x2  
  40  6:58  SCV x2  
  34  7:02  Marine x3  
  34  7:10  SCV x2  
  34  7:14  Command Center  
  36  7:20  Marine x3  
  36  7:22  SCV x2  
  40  7:34  SCV x2  
  33  7:37  Marine x3  
  33  7:44  Hellion x2  
  38  7:46  SCV x2  
Tags
 
Add a new tag
Caveats
  • Supply blocks, unpowered buildings, or Contaminate may cause inaccurate times.
  • Supply counts are checked every 10 seconds.